AoeStats
← 只会打步弓

Arabia

507547686Analyzed
1v1 RM · 14d ago on Sep 18, 2026· 49m 56s· 2 players
Game mode
Random Map
Map size
Tiny (2 player)
Population
200
Speed
Normal
Resources
Standard
Victory
Conquest
Starting age
Dark Age
Ending age
Imperial Age
RankedLock teamsTeams togetherTeam positionsShared explorationLock speedFull tech treeHidden civsTurbo modeCheats
Victory
Defeat
🇨🇳 Magyars · China
1852
+13
🇧🇷 Mongols · Brazil
1795
-13
23cm
8:41 Feudal Age
9:11 Man-at-Arms
11:15 Loom
13:00 Double-Bit Axe
20:01 Castle Age
18:59 Fletching
20:41 Bodkin Arrow
21:37 Padded Archer Armor
27:22 Bloodlines
28:09 Ballistics
33:09 Husbandry
35:22 Wheelbarrow
34:29 Horse Collar
34:53 Town Watch
35:01 Town Watch
35:41 Leather Archer Armor
40:16 Imperial Age
39:07 Hand Cart
39:11 Thumb Ring
41:25 Parthian Tactics
40:21 Heavy Cavalry Archer
41:03 Bracer
41:38 Conscription
43:05 Chemistry
44:06 Siege Engineers
44:42 Elite Skirmisher
46:41 Elite Mangudai
只会打步弓
6:59 Loom
9:13 Feudal Age
13:36 Fletching
21:21 Castle Age
20:30 Padded Archer Armor
20:25 Double-Bit Axe
20:22 Horse Collar
21:10 Gold Mining
22:26 Bodkin Arrow
26:08 Ballistics
27:14 Husbandry
29:35 Bloodlines
31:26 Leather Archer Armor
32:30 Wheelbarrow
38:02 Imperial Age
36:33 Gold Shaft Mining
36:24 Bow Saw
37:16 Thumb Ring
37:07 Town Watch
39:06 Bracer
39:52 Parthian Tactics
41:28 Chemistry
41:21 Ring Archer Armor
41:40 Recurve Bow
42:27 Conscription
42:06 Heavy Cavalry Archer
44:51 Masonry
Connection lost

Rejoining the realm…

Still unreachable

The connection could not be restored.

Session expired

The server has moved on; the page needs a fresh start.